BR (22 & UNDER)
ATLANTIC CITY WAR DOGS @ LOGAN SWANS
08/06/2030
 
TOP OF THE 1ST
Atlantic City War Dogs batting - Pitching for Logan Swans : LHP Jesús Camacho
Pitching: LHP Jesús Camacho
Batting: RHB Ramón Romero 0-0: Reached on error, E5 (Groundball, 56)
Batting: SHB Brian Estes 0-0: Called Strike
0-1: Ground out 4-3 (Groundball, 34)
Ramón Romero to second
Batting: RHB Juan Sepúlveda 0-0: Foul Ball, location: 2F
0-1: Swinging Strike
0-2: DOUBLE (Line Drive, 8LXD)
Ramón Romero scores
Batting: RHB Wyatt Wallace 0-0: Ball
1-0: Ball
2-0: Ball
3-0: Base on Balls
Batting: RHB Ed Vega 0-0: Ball
1-0: Ball
2-0: Foul Ball, location: 2F
2-1: Ball
3-1: Called Strike
3-2: Foul Ball, location: 2F
3-2: Foul Ball, location: 2F
3-2: Foul Ball, location: 2F
3-2: Strikes out swinging
Batting: RHB Roberto García 0-0: Foul Ball, location: 2F
0-1: Ball
1-1: Ball
2-1: Foul Ball, location: 2F
2-2: Strikes out swinging
Top of the 1st over - 1 run, 1 hit, 1 error, 2 left on base; Atlantic City 1 - Logan 0
BOTTOM OF THE 1ST
Logan Swans batting - Pitching for Atlantic City War Dogs : RHP Juan Ramos
Pitching: RHP Juan Ramos
Batting: LHB Bob Coztana 0-0: Ball
1-0: Ball
2-0: Called Strike
2-1: Swinging Strike
2-2: Foul Ball, location: 2F
2-2: Ball
3-2: Fly out, F6 (Popup, 6)
Batting: LHB Vicente Vega 0-0: Called Strike
0-1: Foul Ball, location: 2F
0-2: Ball
1-2: Foul Ball, location: 2F
1-2: Ball
2-2: SINGLE (Flyball, 7LS)
Batting: RHB Víctor Cuevas 0-0: Called Strike
0-1: DOUBLE (Flyball, 8RXD)
Vicente Vega to third
Batting: RHB Natsume Sato 0-0: Ball
1-0: Foul Ball, location: 2F
1-1: Foul Ball, location: 2F
1-2: Ball
2-2: SINGLE (Line Drive, 78M)
Vicente Vega scores
Víctor Cuevas to third
Runner from 3rd tries for Home, SAFE, no throw
Batting: RHB José Ayala 0-0: Called Strike
0-1: Foul Ball, location: 2F
0-2: Reached on error, E9 (Flyball, 9S)
Natsume Sato to second
Batting: RHB Jesús Farías 0-0: Ball
1-0: Called Strike
1-1: Ball
2-1: Grounds into double play, 4-6-3 (Groundball, 4)
Bottom of the 1st over - 2 runs, 3 hits, 1 error, 1 left on base; Atlantic City 1 - Logan 2
TOP OF THE 2ND
Atlantic City War Dogs batting - Pitching for Logan Swans : LHP Jesús Camacho
Batting: LHB Jorge Trujillo 0-0: Ball
1-0: Swinging Strike
1-1: Called Strike
1-2: Foul Ball, location: 2F
1-2: Foul Ball, location: 2F
1-2: Ball
2-2: Ball
3-2: Strikes out swinging
Batting: RHB José Avilés 0-0: Called Strike
0-1: Swinging Strike
0-2: Ball
1-2: Ball
2-2: Strikes out swinging
Batting: LHB Stanton Moore 0-0: Foul Ball, location: 2F
0-1: Foul Ball, location: 2F
0-2: Ball
1-2: SINGLE (Groundball, 34D)
Batting: RHB Ramón Romero 0-0: Ball
1-0: SINGLE (Line Drive, 8LS)
Stanton Moore to second
Batting: SHB Brian Estes 0-0: Called Strike
0-1: Ball
1-1: Ground out 5-3 (Groundball, 56S)
Top of the 2nd over - 0 runs, 2 hits, 0 errors, 2 left on base; Atlantic City 1 - Logan 2
BOTTOM OF THE 2ND
Logan Swans batting - Pitching for Atlantic City War Dogs : RHP Juan Ramos
Batting: RHB Jesús García 0-0: Ball
1-0: Foul Ball, location: 2F
1-1: Swinging Strike
1-2: Foul Ball, location: 2F
1-2: Ball
2-2: SINGLE (Line Drive, 56D)
Batting: RHB Amando Ursulo 0-0: Swinging Strike
0-1: Foul Ball, location: 2F
0-2: Strikes out looking
Batting: RHB Sergio Mora 0-0: Called Strike
0-1: Ball
Throwing error on steal attempt, E2
Jesús García to third
1-1: Ball
2-1: Ball
3-1: Fly out, F8 (Flyball, 89D)
Runner from 3rd tags up, SCORES, no throw
Batting: LHB Bob Coztana 0-0: Ball
1-0: Swinging Strike
1-1: Ball
2-1: Ground out 6-3 (Groundball, 6)
Bottom of the 2nd over - 1 run, 1 hit, 1 error, 0 left on base; Atlantic City 1 - Logan 3
TOP OF THE 3RD
Atlantic City War Dogs batting - Pitching for Logan Swans : LHP Jesús Camacho
Batting: RHB Juan Sepúlveda 0-0: Ball
1-0: SOLO HOME RUN (Flyball, 78XD), Distance : 432 ft
Batting: RHB Wyatt Wallace 0-0: Swinging Strike
0-1: Called Strike
0-2: SINGLE (Flyball, 9S)
Batting: RHB Ed Vega 0-0: Ball
1-0: Fly out, F3 (Popup, 3SF)
Batting: RHB Roberto García 0-0: Ball
1-0: Ball
2-0: Foul Ball, location: 2F
2-1: Called Strike
2-2: Ball
3-2: Grounds into double play, 6-4-3 (Groundball, 6)
Top of the 3rd over - 1 run, 2 hits, 0 errors, 0 left on base; Atlantic City 2 - Logan 3
BOTTOM OF THE 3RD
Logan Swans batting - Pitching for Atlantic City War Dogs : RHP Juan Ramos
Batting: LHB Vicente Vega 0-0: Swinging Strike
0-1: Swinging Strike
0-2: Reached on error, E6 (Groundball, 6)
Batting: RHB Víctor Cuevas 0-0: Called Strike
0-1: Foul Ball, location: 2F
0-2: Foul Ball, location: 2F
0-2: Ball
1-2: Ball
2-2: Ball
3-2: Foul Ball, location: 2F
3-2: Base on Balls
Vicente Vega to second
Batting: RHB Natsume Sato 0-0: Ball
1-0: Ball
2-0: Called Strike
2-1: Called Strike
2-2: Ball
3-2: Base on Balls
Vicente Vega to third
Víctor Cuevas to second
Batting: RHB José Ayala 0-0: Foul Ball, location: 2F
0-1: Ball
1-1: Swinging Strike
1-2: Ball
2-2: Strikes out swinging
Batting: RHB Jesús Farías 0-0: Ball
1-0: Foul Ball, location: 2F
1-1: Ball
2-1: Ball
3-1: Base on Balls
Vicente Vega scores
Víctor Cuevas to third
Natsume Sato to second
Batting: RHB Jesús García 0-0: Ball
1-0: Called Strike
1-1: Ball
2-1: Swinging Strike
2-2: Strikes out swinging
Batting: RHB Amando Ursulo 0-0: Fielders Choice at 2nd, 6-4 (Groundball, 6)
Bottom of the 3rd over - 1 run, 0 hits, 1 error, 3 left on base; Atlantic City 2 - Logan 4
TOP OF THE 4TH
Atlantic City War Dogs batting - Pitching for Logan Swans : LHP Jesús Camacho
Batting: LHB Jorge Trujillo 0-0: Ground out 4-3 (Groundball, 4)
Batting: RHB José Avilés 0-0: Ball
1-0: Ball
2-0: Called Strike
2-1: Fly out, F8 (Flyball, 8RM)
Batting: LHB Stanton Moore 0-0: Called Strike
0-1: Fly out, F8 (Flyball, 8LD)
Top of the 4th over - 0 runs, 0 hits, 0 errors, 0 left on base; Atlantic City 2 - Logan 4
BOTTOM OF THE 4TH
Logan Swans batting - Pitching for Atlantic City War Dogs : RHP Juan Ramos
Batting: RHB Sergio Mora 0-0: Ball
1-0: Ball
2-0: Ground out 4-3 (Groundball, 4M)
Batting: LHB Bob Coztana 0-0: Ball
1-0: Called Strike
1-1: Foul Ball, location: 2F
1-2: Ball
2-2: SINGLE (Line Drive, 8RS)
Batting: LHB Vicente Vega 0-0: Foul Ball, location: 2F
0-1: Called Strike
0-2: Ball
1-2: Strikes out swinging
Batting: RHB Víctor Cuevas 0-0: Ball
1-0: Called Strike
1-1: Called Strike
Bob Coztana steals 2nd base
1-2: Ball
2-2: Strikes out swinging
Bottom of the 4th over - 0 runs, 1 hit, 0 errors, 1 left on base; Atlantic City 2 - Logan 4
TOP OF THE 5TH
Atlantic City War Dogs batting - Pitching for Logan Swans : LHP Jesús Camacho
Batting: RHB Ramón Romero 0-0: Ground out 5-3 (Groundball, 5)
Batting: SHB Brian Estes 0-0: Ball
1-0: Fly out, F8 (Flyball, 8LD)
Batting: RHB Juan Sepúlveda 0-0: Ball
1-0: SINGLE (Flyball, 7S)
Batting: RHB Wyatt Wallace 0-0: Ball
1-0: Swinging Strike
1-1: Foul Ball, location: 2F
1-2: Fly out, F9 (Flyball, 9LD)
Top of the 5th over - 0 runs, 1 hit, 0 errors, 1 left on base; Atlantic City 2 - Logan 4
BOTTOM OF THE 5TH
Logan Swans batting - Pitching for Atlantic City War Dogs : RHP Juan Ramos
Batting: RHB Natsume Sato 0-0: Ball
1-0: Ball
2-0: Foul Ball, location: 2F
2-1: Foul Ball, location: 2F
2-2: Foul Ball, location: 2F
2-2: Ball
3-2: Base on Balls
Pitching: RHP Artie McDaniel
Batting: RHB José Ayala 0-0: Ball
1-0: Fly out, F9 (Flyball, 9LS)
Batting: RHB Jesús Farías 0-0: Called Strike
0-1: Foul Ball, location: 2F
0-2: Foul Ball, location: 2F
0-2: Foul Ball, location: 2F
0-2: Ground out 3-1 (Groundball, 34S)
Natsume Sato to second
Batting: RHB Jesús García 0-0: Foul Ball, location: 2F
0-1: Foul Ball, location: 2F
0-2: Ball
1-2: Ball
2-2: SINGLE (Groundball, 34D)
Natsume Sato to third
Runner from 3rd tries for Home, SAFE, no throw
Batting: RHB Amando Ursulo 0-0: Ball
Throwing error on steal attempt, E2
Jesús García to third
1-0: Called Strike
1-1: Ball
2-1: Ground out 4-3 (Groundball, 4)
Bottom of the 5th over - 1 run, 1 hit, 1 error, 1 left on base; Atlantic City 2 - Logan 5
TOP OF THE 6TH
Atlantic City War Dogs batting - Pitching for Logan Swans : LHP Jesús Camacho
Batting: RHB Ed Vega 0-0: Ground out 5-3 (Groundball, 56)
Batting: RHB Roberto García 0-0: Ball
1-0: Called Strike
1-1: Swinging Strike
1-2: Strikes out looking
Batting: LHB Jorge Trujillo 0-0: Ball
1-0: Ball
2-0: Foul Ball, location: 2F
2-1: Foul Ball, location: 2F
2-2: Ball
3-2: Strikes out swinging
Top of the 6th over - 0 runs, 0 hits, 0 errors, 0 left on base; Atlantic City 2 - Logan 5
BOTTOM OF THE 6TH
Logan Swans batting - Pitching for Atlantic City War Dogs : RHP Artie McDaniel
Batting: RHB Sergio Mora 0-0: Ball
1-0: Foul Ball, location: 2F
1-1: Called Strike
1-2: Foul Ball, location: 2F
1-2: Hit by Pitch
Batting: LHB Bob Coztana 0-0: Ball
1-0: Ball
2-0: Hit by Pitch
Sergio Mora to second
Batting: LHB Vicente Vega 0-0: Ball
1-0: Called Strike
1-1: Ball
2-1: Ball
3-1: Swinging Strike
3-2: Foul Ball, location: 2F
3-2: Foul Ball, location: 2F
3-2: Base on Balls
Sergio Mora to third
Bob Coztana to second
Batting: RHB Víctor Cuevas 0-0: Grounds into double play, 1-2-3 (Groundball, P)
Bob Coztana to third
Vicente Vega to second
Batting: RHB Natsume Sato 0-0: Ball
1-0: Foul Ball, location: 2F
1-1: Foul Ball, location: 2F
1-2: Foul Ball, location: 2F
1-2: Ground out 5-3 (Groundball, 56S)
Bottom of the 6th over - 0 runs, 0 hits, 0 errors, 2 left on base; Atlantic City 2 - Logan 5
TOP OF THE 7TH
Atlantic City War Dogs batting - Pitching for Logan Swans : LHP Jesús Camacho
Batting: RHB José Avilés 0-0: Ball
1-0: Fly out, F8 (Flyball, 8LD)
Batting: LHB Stanton Moore 0-0: Called Strike
0-1: Ground out 4-3 (Groundball, 4S)
Batting: RHB Ramón Romero 0-0: Ball
1-0: Swinging Strike
1-1: Foul Ball, location: 2F
1-2: Strikes out looking
Top of the 7th over - 0 runs, 0 hits, 0 errors, 0 left on base; Atlantic City 2 - Logan 5
BOTTOM OF THE 7TH
Logan Swans batting - Pitching for Atlantic City War Dogs : RHP Artie McDaniel
Batting: RHB José Ayala 0-0: Called Strike
0-1: Ground out U3 (Groundball, 3S)
Batting: RHB Jesús Farías 0-0: Ball
1-0: SINGLE (Line Drive, 8LS)
Batting: RHB Jesús García 0-0: Called Strike
0-1: Grounds into double play, 4-6-3 (Groundball, 4M)
Bottom of the 7th over - 0 runs, 1 hit, 0 errors, 0 left on base; Atlantic City 2 - Logan 5
TOP OF THE 8TH
Atlantic City War Dogs batting - Pitching for Logan Swans : LHP Jesús Camacho
Pitching: RHP Ramón Montés
Now in LF: Ricardo Manegdeg
Batting: SHB Brian Estes 0-0: Foul Ball, location: 2F
0-1: Called Strike
0-2: DOUBLE (Groundball, 3L)
Batting: RHB Juan Sepúlveda 0-0: Ball
1-0: Ball
2-0: Called Strike
2-1: Swinging Strike
2-2: Foul Ball, location: 2F
2-2: Ball
3-2: SINGLE (Line Drive, 78S)
Brian Estes to third
Batting: RHB Wyatt Wallace 0-0: Swinging Strike
0-1: Ball
1-1: Ball
2-1: Called Strike
2-2: Ball
3-2: Base on Balls
Juan Sepúlveda to second
Pitching: RHP Gabriel Ramos
Batting: RHB Ed Vega 0-0: Foul Ball, location: 2F
0-1: Swinging Strike
0-2: Strikes out looking
Pinch Hitting: LHB Tomás Mata 0-0: SINGLE (Line Drive, 6D)
Brian Estes scores
Juan Sepúlveda to third
Wyatt Wallace to second
Pitching: LHP Randall Smith
Pinch Hitting: RHB David Gallardo 0-0: Swinging Strike
0-1: Ball
1-1: Called Strike
1-2: Foul Ball, location: 2F
1-2: Foul Ball, location: 2F
1-2: Strikes out swinging
Pitching: RHP Gerardo Durango
Pinch Hitting: RHB Clifford Guzmán 0-0: Ball
1-0: Reached on error, E4 (Groundball, 4)
Juan Sepúlveda scores
Wyatt Wallace scores
Tomás Mata to third
Pitching: RHP José Ramírez
Batting: LHB Stanton Moore 0-0: Ball
1-0: Foul Ball, location: 2F
1-1: Ball
2-1: Swinging Strike
2-2: Ball
3-2: Fly out, F8 (Flyball, 8LXD)
Top of the 8th over - 3 runs, 3 hits, 1 error, 2 left on base; Atlantic City 5 - Logan 5
BOTTOM OF THE 8TH
Logan Swans batting - Pitching for Atlantic City War Dogs : RHP Artie McDaniel
Now at 2B: Roberto Díaz
Now at SS: Luis Viña
Now in RF: Jonathan Boyer
Batting: RHB Amando Ursulo 0-0: Fly out, F8 (Flyball, 8LD)
Pinch Hitting: RHB Carlos Escobar 0-0: Ball
1-0: Called Strike
1-1: Foul Ball, location: 2F
1-2: Ball
2-2: Strikes out looking
Pitching: LHP Felipe Medrano
Batting: LHB Bob Coztana 0-0: Called Strike
0-1: Foul Ball, location: 2F
0-2: Ball
1-2: Ball
2-2: Ball
3-2: Foul Ball, location: 2F
3-2: SINGLE (Groundball, 34D)
Pinch Hitting: SHB Torajiro Ito 0-0: Fly out, F8 (Flyball, 78D)
Bottom of the 8th over - 0 runs, 1 hit, 0 errors, 1 left on base; Atlantic City 5 - Logan 5
TOP OF THE 9TH
Atlantic City War Dogs batting - Pitching for Logan Swans : RHP José Ramírez
Pitching: RHP Maurício Rodríguez
Now at 3B: Carlos Escobar
Pinch Hitting: LHB Matt Clark 0-0: Called Strike
Now at 3B: Pablo Chacón 0-1: Called Strike
0-2: Ball
1-2: Ball
2-2: Fly out, F7 (Flyball, 7S)
Batting: SHB Brian Estes 0-0: Called Strike
0-1: SINGLE (Groundball, 34D)
Batting: RHB Juan Sepúlveda 0-0: SINGLE (Groundball, 5D)
Brian Estes to second
Batting: RHB Wyatt Wallace 0-0: Ball
1-0: Ground out 5-3 (Groundball, 56S)
Brian Estes to third
Juan Sepúlveda to second
Batting: RHB Ed Vega 0-0: Ball
1-0: Ball
2-0: Swinging Strike
2-1: Foul Ball, location: 2F
2-2: Foul Ball, location: 2F
2-2: Foul Ball, location: 2F
2-2: Fly out, F8 (Flyball, 78D)
Top of the 9th over - 0 runs, 2 hits, 0 errors, 2 left on base; Atlantic City 5 - Logan 5
BOTTOM OF THE 9TH
Logan Swans batting - Pitching for Atlantic City War Dogs : LHP Felipe Medrano
Pitching: RHP Bernardo Herrera
Now in CF: Matt Clark
Batting: RHB Víctor Cuevas 0-0: Ball
1-0: Called Strike
1-1: Ground out 6-3 (Groundball, 56)
Batting: RHB Natsume Sato 0-0: Called Strike
0-1: Called Strike
0-2: Ball
1-2: Ball
2-2: Ground out 5-3 (Groundball, 56)
Batting: RHB Ricardo Manegdeg 0-0: Called Strike
0-1: Ball
1-1: Fly out, F7 (Line Drive, 78M)
Bottom of the 9th over - 0 runs, 0 hits, 0 errors, 0 left on base; Atlantic City 5 - Logan 5
TOP OF THE 10TH
Atlantic City War Dogs batting - Pitching for Logan Swans : RHP Maurício Rodríguez
Pinch Hitting: LHB Chris Martin 0-0: Called Strike
0-1: SINGLE (Groundball, 56D)
Pinch Runner at 1st Hilton Knowles:
Pinch Hitting: LHB Carl Childs 0-0: Called Strike
0-1: Foul Ball, location: 2F
0-2: Ball
1-2: Strikes out swinging
Batting: RHB Jonathan Boyer 0-0: Ball
Wild Pitch!
Hilton Knowles to second
1-0: Swinging Strike
1-1: Ball
2-1: Called Strike
2-2: Strikes out swinging
Batting: LHB Stanton Moore 0-0: Ground out 4-3 (Groundball, 4D)
Top of the 10th over - 0 runs, 1 hit, 0 errors, 1 left on base; Atlantic City 5 - Logan 5
BOTTOM OF THE 10TH
Logan Swans batting - Pitching for Atlantic City War Dogs : RHP Bernardo Herrera
Pitching: RHP Cisco Arrojo
Now at 2B: Hilton Knowles
Now at SS: Richard Bass
Batting: RHB Jesús Farías 0-0: Fly out, F9 (Flyball, 9S)
Batting: RHB Jesús García 0-0: Ground out 6-3 (Groundball, 6)
Batting: RHB Amando Ursulo 0-0: Ball
1-0: Swinging Strike
1-1: Foul Ball, location: 2F
1-2: Strikes out swinging
Bottom of the 10th over - 0 runs, 0 hits, 0 errors, 0 left on base; Atlantic City 5 - Logan 5
TOP OF THE 11TH
Atlantic City War Dogs batting - Pitching for Logan Swans : RHP Maurício Rodríguez
Pitching: RHP Greg Connor
Batting: LHB Matt Clark 0-0: Called Strike
0-1: Ball
1-1: Swinging Strike
1-2: Ball
2-2: Fly out, F5 (Popup, 5F)
Batting: SHB Brian Estes 0-0: Ball
1-0: Ball
2-0: Ball
3-0: Base on Balls
Batting: RHB Juan Sepúlveda 0-0: Fly out, F4 (Line Drive, 4)
Batting: RHB Wyatt Wallace 0-0: Ball
1-0: Ball
2-0: Called Strike
2-1: Called Strike
2-2: Ball
3-2: Base on Balls
Brian Estes to second
Batting: RHB Ed Vega 0-0: Swinging Strike
0-1: Foul Ball, location: 2F
0-2: Ball
1-2: Ground out 5-3 (Groundball, 5S)
Top of the 11th over - 0 runs, 0 hits, 0 errors, 2 left on base; Atlantic City 5 - Logan 5
BOTTOM OF THE 11TH
Logan Swans batting - Pitching for Atlantic City War Dogs : RHP Cisco Arrojo
Batting: RHB Carlos Escobar 0-0: Foul Ball, location: 2F
0-1: Foul Ball, location: 2F
0-2: Ball
1-2: Ball
2-2: Ground out 6-3 (Groundball, 6MS)
Batting: LHB Bob Coztana 0-0: Called Strike
0-1: Called Strike
0-2: Ball
1-2: Ball
2-2: Foul Ball, location: 2F
2-2: Ball
3-2: SINGLE (Groundball, 4MD)
Batting: SHB Pablo Chacón 0-0: Ball
1-0: Called Strike
Bob Coztana steals 2nd base
1-1: Called Strike
Bob Coztana steals 3rd base
1-2: Intentional Walk
Batting: RHB Víctor Cuevas 0-0: Ball
1-0: Called Strike
1-1: Ball
2-1: Swinging Strike
2-2: Foul Ball, location: 2F
2-2: Foul Ball, location: 2F
2-2: Hit by Pitch
Pablo Chacón to second
Batting: RHB Natsume Sato 0-0: Ball
1-0: Ball
2-0: SINGLE (Line Drive, 7LM)
Bob Coztana scores
Saturday, April 7th, 2018 - OOTP Baseball 18.8 Build 76